 Dungeon Crawl Stone Soup version 0.14-a0-2632-gd2f732a (webtiles) character file.

712 Kae the Insei (level 7, 0/52 HPs)
             Began as a Mottled Draconian Transmuter on Feb 15, 2014.
             Slain by a guardian mummy (20 damage)
             ... in an ossuary.
             The game lasted 00:10:23 (6182 turns).

Kae the Insei (Mottled Draconian Transmuter)        Turns: 6182, Time: 00:10:23

HP   0/52        AC  8     Str 12      XL: 7   Next:  0%
MP  12/12        EV 12     Int 13      God:
Gold 196         SH  0     Dex 14      Spells:  3 memorised,  4 levels left

rFire  . . .     SeeInvis .       - Unarmed
rCold  . . .     Clarity  .     (armour unavailable)
rNeg   . . .     Conserve .     (no shield)
rPois  .         rCorr    .     (helmet restricted)
rElec  .         rRot     .     y - +0 cloak (curse)
SustAb . .       Spirit   .     k - +0 pair of gloves
rMut   .         Warding  .     (no boots)
Saprov . . .     Stasis   .     (no amulet)
MR     .....                    (no ring)
                                (no ring)

@: not resistant to hostile enchantments, unstealthy
A: breathe sticky flames, unfitting armour, AC +6
a: Breathe Sticky Flame


You were in an ossuary.
You were very hungry.

You visited 1 branch of the dungeon, and saw 4 of its levels.
You also visited: Sewer and Ossuary.

You collected 196 gold pieces.

Inventory:

Missiles
 b - 30 arrows
Armour
 k - a +0 pair of gloves (worn)
 y - a cursed +0 cloak (worn)
Magical devices
 x - a wand of enslavement (15) {unknown}
 A - a wand of random effects (8) {unknown}
Comestibles
 a - 2 bread rations
 i - an apple
 j - a lemon
Scrolls
 c - 2 scrolls of curse armour {unknown}
 e - a scroll of curse jewellery {unknown}
 f - 10 scrolls of identify {unknown}
 g - a scroll of enchant weapon II {unknown}
 h - a scroll of random uselessness {unknown}
 l - 3 scrolls of enchant armour {unknown}
 n - 5 scrolls of remove curse {unknown}
 o - a scroll of immolation {unknown}
 p - a scroll of fog {unknown}
 s - a scroll of fear {unknown}
 u - 3 scrolls of magic mapping {unknown}
 z - 3 scrolls of teleportation {unknown}
 C - a scroll of enchant weapon I {unknown}
 I - a scroll of vulnerability {unknown}
 J - a scroll of acquirement {unknown}
 K - a scroll of amnesia {unknown}
Potions
 m - 2 potions of might
 q - 2 potions of paralysis {unknown}
 r - 2 potions of flight {unknown}
 t - 2 potions of magic {unknown}
 v - 2 potions of invisibility {unknown}
 w - a potion of agility {unknown}
 B - a potion of speed {unknown}
 D - a potion of degeneration {unknown}
 E - 3 potions of confusion {unknown}
 F - a potion of poison {unknown}
 G - 2 potions of restore abilities {unknown}
 H - a potion of lignification {unknown}
Books
 d - a book of Changes

   Spells                             Type                      Level
   *Beastly Appendage                 Transmutation                1
   *Sticks to Snakes                  Transmutation                2
   *Spider Form                       Transmutation/Poison         3
   Ice Form                           Ice/Transmutation            4
   Blade Hands                        Transmutation                5


   Skills:
 - Level 1.1 Fighting
 - Level 1.7 Dodging
 * Level 6.8 Unarmed Combat
 - Level 2.0 Spellcasting
 + Level 4.5 Transmutations


You had 4 spell levels left.
You knew the following spells:

 Your Spells              Type           Power        Failure   Level  Hunger
a - Beastly Appendage     Trmt           ##....       4%          1    ##.....
b - Sticks to Snakes      Trmt           ##........   8%          2    ###....
c - Spider Form           Trmt/Pois      #.........   34%         3    ####...


Dungeon Overview and Level Annotations

Branches:
Dungeon (4/16)
 Temple: D:4-7

Altars:
Dithmenos
Xom


Message History

The guardian mummy picks up a scroll labeled VAGHIT TIROLUQ.
You see here a scroll labeled KAICAPEIFI.
There is an open door here.
There is an open door here.
There is an open door here.
There is an open door here.
G - 2 pink potions (gained 1)
l - 3 scrolls labeled HOCROO TREGAHE (gained 1)
You see here a scroll labeled HOAWOT GYUTA.
I - a scroll labeled HOAWOT GYUTA
J - a scroll labeled ULIYXKOSOYS
There are no items here.
You see here a scroll labeled ZOUD UDWOVUWANODO.
c - 2 scrolls labeled ZOUD UDWOVUWANODO (gained 1)
The guardian mummy hits you!
You see here a scroll labeled KAICAPEIFI.
K - a scroll labeled KAICAPEIFI The guardian mummy hits you!
The guardian mummy hits you!
You die...

###########################
#.........................#
#.∩.....................∩.#
#.......#####+#####.......#
#......##.........##......#
#.....##...#####...##.....#
#....##...##...##...##....#
#....#...##.....##...#....#
#....+...#....@..#...+....#
#....#...##...M.##...#....#
#....##...##...##...##M...#
#.....##...##'##...##.....#
#......##.........##......#
#.......#####'#####.......#
#.∩.....................∩.#
#.........................#
############'''############


You could see a guardian mummy.

Vanquished Creatures
  A phantom (D:4)
  A hound (D:4)
  Crazy Yiuf (D:3)
  2 iguanas (D:4)
  Natasha (twice) (D:4)
  Ijyb (D:2)
  A mummy (Ossuary)
  9 adders
  A green rat (D:3)
  An inept feature mimic (D:4)
  2 giant mites (D:3)
  2 worms (D:4)
  2 grey rats (D:3)
  4 giant geckos
  2 oozes
  2 orcs
  12 bats
  2 giant cockroaches (D:3)
  8 hobgoblins
  8 jackals (Sewer)
  8 kobolds
  2 quokkas
  5 ball pythons
  10 giant newts
  5 gnoll skeletons (Ossuary)
  9 goblins
  5 kobold skeletons (Ossuary)
  15 orc skeletons (Ossuary)
  10 rats
133 creatures vanquished.

Vanquished Creatures (collateral kills)
  A worm (D:2)
1 creature vanquished.

Grand Total: 134 creatures vanquished

Notes
Turn   | Place    | Note
--------------------------------------------------------------
     0 | D:1      | Kae, the Draconian Transmuter, began the quest for the Orb.
     0 | D:1      | Reached XP level 1. HP: 16/16 MP: 3/3
   390 | D:1      | Reached XP level 2. HP: 23/23 MP: 4/4
  1103 | D:2      | Noticed Ijyb
  1127 | D:2      | HP: 1/23 [Ijyb (4)]
  1128 | D:2      | Killed Ijyb
  1128 | D:2      | Reached skill level 4 in Unarmed Combat
  1128 | D:2      | Reached XP level 3. HP: 1/28 MP: 4/6
  1778 | D:2      | Learned a level 2 spell: Sticks to Snakes
  2113 | D:2      | Reached XP level 4. HP: 21/35 MP: 7/7
  2823 | D:3      | Found a shadowy altar of Dithmenos.
  2904 | D:3      | Found a glowing drain.
  2947 | Sewer    | Entered a sewer
  3140 | Sewer    | Reached skill level 5 in Unarmed Combat
  3140 | Sewer    | Reached XP level 5. HP: 36/40 MP: 9/9
  4333 | D:3      | Noticed Crazy Yiuf
  4345 | D:3      | Killed Crazy Yiuf
  4771 | D:4      | Learned a level 3 spell: Spider Form
  4845 | D:4      | Found a shimmering altar of Xom.
  4870 | D:4      | Reached XP level 6. HP: 45/47 MP: 5/10
  4896 | D:4      | Noticed a phantom
  4937 | D:4      | Killed a phantom
  4937 | D:4      | Reached skill level 6 in Unarmed Combat
  5152 | D:4      | Noticed Natasha
  5175 | D:4      | Killed Natasha
  5478 | D:4      | Noticed Natasha
  5489 | D:4      | Killed Natasha
  5606 | D:4      | Found a sand-covered staircase.
  5611 | Ossuary  | Entered an ossuary
  5611 | Ossuary  | Noticed a guardian mummy
  5611 | Ossuary  | Noticed a guardian mummy
  5611 | Ossuary  | Noticed a guardian mummy
  5890 | Ossuary  | Noticed a guardian mummy
  5906 | Ossuary  | Your scales start taking on a weird mottled pattern.
  5906 | Ossuary  | Reached XP level 7. HP: 50/52 MP: 12/12
  6182 | Ossuary  | Slain by a guardian mummy

Action                   |  1- 3 |  4- 6 |  7- 9 || total
-------------------------+-------+-------+-------++-------
Melee: Unarmed           |   144 |   393 |    16 ||   553
 Cast: Beastly Appendage |     9 |     9 |       ||    18
       Sticks to Snakes  |     2 |       |       ||     2
       Spider Form       |       |     2 |       ||     2
  Use: Potion            |       |     1 |       ||     1
 Stab: Sleeping          |       |     3 |       ||     3
       Invisible         |       |     1 |       ||     1
